 Dungeon Crawl Stone Soup version 0.31-a0-496-g6f97920a28 (webtiles) character file.

Game seed: 9461439714836598625

653 MisterAzrael the Caller (level 7, -9/46 HPs)
             Began as a Merfolk Summoner on Aug 9, 2023.
             Mangled by a wyvern (15 damage)
             ... on level 5 of the Dungeon.
             The game lasted 00:10:25 (4810 turns).

MisterAzrael the Caller (Merfolk Summoner)          Turns: 4810, Time: 00:10:26

Health: -9/46      AC:  2    Str:  8    XL:     7   Next: 54%
Magic:  4/13       EV: 28    Int: 17    God:
Gold:   246        SH:  0    Dex: 20    Spells: 8/14 levels left

rFire   . . .        w - +0 glaive
rCold   . . .        (shield currently unavailable)
rNeg    . . .        a - +0 robe
rPois   .            (no helmet)
rElec   .            (no cloak)
rCorr   .            (no gloves)
SInv    .            (no boots)
Will    .....        d - amulet of the acrobat
Stlth   ++           e - +6 ring of dexterity
HPRegen 0.27/turn    (no ring)
MPRegen 0.13/turn

%: acrobat
@: acrobatic
A: (nimble swimmer 2), mertail
a: no special abilities


You were on level 5 of the Dungeon.
You visited 1 branch of the dungeon, and saw 5 of its levels.

You collected 246 gold pieces.

Inventory:

Hand Weapons
 j - a +0 lajatang
 u - a +0 trident
 w - a +0 glaive (weapon)
Missiles
 t - 5 poisoned darts
Armour
 a - a +0 robe (worn)
Jewellery
 d - an amulet of the acrobat (around neck)
 e - a +6 ring of dexterity (left hand)
Wands
 v - a wand of paralysis (6)
 x - a wand of iceblast (7)
Scrolls
 h - a scroll of butterflies
 i - 2 scrolls of silence {unknown}
 k - a scroll of teleportation
 l - a scroll of identify
 m - a scroll of noise
 p - 3 scrolls of revelation
 y - a scroll of immolation {unknown}
 z - a scroll of acquirement {unknown}
Potions
 b - a potion of magic
 c - 3 potions of might
 f - a potion of haste {unknown}
 g - a potion of lignification {unknown}
 n - 2 potions of curing {unknown}
 o - a potion of enlightenment {unknown}
 q - a potion of heal wounds
 r - a potion of ambrosia {unknown}
 s - a potion of mutation {unknown}
 A - a potion of berserk rage {unknown}


   Skills:
 + Level 3.9(4.2) Polearms
 - Level 1.1(1.9) Staves
 - Level 2.8 Dodging
 - Level 2.2 Stealth
 + Level 4.1 Spellcasting
 * Level 7.0 Summonings


You had 8 spell levels left.
You knew the following spells:

 Your Spells              Type           Power      Damage    Failure   Level
a - Summon Small Mammal   Summ           100%       N/A       1%          1
b - Call Imp              Summ           54%        N/A       1%          2
c - Call Canine Familiar  Summ           27%        N/A       2%          3

Your spell library contained the following spells:

 Spells                   Type           Power      Damage    Failure   Level
 Summon Guardian Golem    Hex/Summ       15%        N/A       11%         3
 Sting                    Tmut/Pois      12%        1d3       16%         1
 Poisonous Vapours        Pois/Air       6%         N/A       24%         2
 Static Discharge         Conj/Air       6%         2-3/arc   24%         2
 Summon Lightning Spire   Summ/Air       15%        N/A       36%         4
 Airstrike                Air            1%         2d(1-17)  83%         4
 Olgreb's Toxic Radiance  Pois           3%         N/A       83%         4


Dungeon Overview and Level Annotations

Branches:
Dungeon (5/15)
 Temple: D:4-7

Altars:
Cheibriados
Makhleb
Ru
Zin

Shops:
D:2 =


Innate Abilities, Weirdness & Mutations

((You are very nimble when in or above water. (Stealth+, EV+, Speed+++)))
Your lower body shifts to a powerful aquatic tail in water.


Message History

Found a ring mail.
There is an open door here.
i - 2 scrolls labelled FEUFUS XEILYENE (gained 1)
You see here a +0 ring mail.
Found 6 stones.
Found 9 stones.
A wyvern comes into view.
The wyvern hisses angrily.
The wyvern closely misses you. The wyvern attacks as you move away!
The wyvern barely misses you. x2
Your hound bites the wyvern.
Casting: Call Canine Familiar (dangerous; 2% risk of failure)
Confirm with . or Enter, or press ? or * to list all spells.
Your hound disappears in a puff of smoke!
The wyvern bites you!! The wyvern barely misses you.
Casting: Call Canine Familiar (dangerous; 2% risk of failure)
Confirm with . or Enter, or press ? or * to list all spells.
A tiny devil pulls itself out of the air.
The wyvern barely misses you. The wyvern barely misses your hound.
Your hound misses the wyvern. The wyvern bites your hound.
Your hound barely misses the wyvern.
Your cerulean imp hits the wyvern but does no damage.
The wyvern bites your hound.
Your hound bites the wyvern.
Your cerulean imp hits the wyvern with a -2 spear.
The wyvern closely misses your hound.
Your hound closely misses the wyvern.
Your cerulean imp hits the wyvern but does no damage.
Your hound bites the wyvern.
Your hound closely misses the wyvern.
There is an open door here.
Casting: Call Imp (safe; 1% risk of failure)
Confirm with . or Enter, or press ? or * to list all spells.
A tiny devil pulls itself out of the air.
Your cerulean imp disappears in a puff of smoke!
The wyvern bites you!
Your hound closely misses the wyvern.
The wyvern bites you!
* * * LOW HITPOINT WARNING * * *
Your hound barely misses the wyvern.
Your cerulean imp barely misses the wyvern.
The wyvern attacks as you move away! The wyvern bites you!
You die...

#.# #.......... #.##
###'####### #..##
#.......#
##.§###########...)#
##§...[......#....#
#...........#....#
#..h........#....#
###l#########....#
#.@.## #....####
###5.## #....+...
##..#####....###.
##.##...........
#..#...........
##.#....###....
#.#....# #....
#.'....# #....
###....# #....


You could see a wyvern (ally target), a friendly hound (summoned) and a friendly
cerulean imp (summoned).

Vanquished Creatures
  Edmund (D:4)
  Blork the orc (D:4)
  A hound (D:4)
  3 adders (D:4)
  An orc (D:4)
  4 ball pythons
  An endoplasm (D:2)
  A goblin (D:4)
  A kobold (D:2)
  A quokka (D:4)
  2 frilled lizards (D:3)
17 creatures vanquished.

Vanquished Creatures (collateral kills)
  Grinder (D:4)
  A scorpion (D:5)
  A hound (D:4)
  Ijyb (D:4)
  An orc wizard (D:3)
  An adder (D:2)
  3 dart slugs
  3 worms
  3 orcs (D:3)
  5 bats
  5 endoplasms
  4 giant cockroaches
  4 goblins
  2 hobgoblins
  10 kobolds
  2 quokkas
  6 ball pythons
  2 frilled lizards (D:1)
  7 rats
62 creatures vanquished.

Grand Total: 79 creatures vanquished

Notes
Turn   | Place    | Note
-------+----------+-------------------------------------------
     0 | D:1      | MisterAzrael the Merfolk Summoner began the quest for the
                  | Orb.
     0 | D:1      | Reached XP level 1. HP: 13/13 MP: 3/3
   106 | D:1      | Reached XP level 2. HP: 12/19 MP: 1/5
   109 | D:1      | Learned a level 2 spell: Call Imp
   666 | D:1      | Reached XP level 3. HP: 15/24 MP: 6/6
  1016 | D:1      | Learned a level 3 spell: Call Canine Familiar
  1478 | D:2      | Reached XP level 4. HP: 20/30 MP: 2/7
  1739 | D:2      | Found Zaanuago's Jewellery Shop.
  1875 | D:3      | Reached skill level 1 in Staves
  1875 | D:3      | Reached skill level 5 in Summonings
  2464 | D:3      | Found a glowing silver altar of Zin.
  2477 | D:3      | Found a snail-covered altar of Cheibriados.
  2847 | D:4      | Noticed Grinder
  2902 | D:4      | Reached XP level 5. HP: 25/35 MP: 1/9
  2903 | D:4      | Killed Grinder
  2904 | D:4      | Reached skill level 6 in Summonings
  2904 | D:4      | Reached XP level 6. HP: 31/41 MP: 1/11
  3052 | D:4      | Noticed Ijyb
  3091 | D:4      | Killed Ijyb
  3165 | D:4      | Found a burning altar of Makhleb.
  3731 | D:4      | Found a sacrificial altar of Ru.
  3848 | D:4      | Noticed Blork the orc
  3871 | D:4      | Killed Blork the orc
  3872 | D:4      | Reached XP level 7. HP: 37/46 MP: 3/12
  3947 | D:4      | Noticed Edmund
  3978 | D:4      | Killed Edmund
  4424 | D:5      | Entered Level 5 of the Dungeon
  4498 | D:5      | Reached skill level 7 in Summonings
  4795 | D:5      | Noticed a wyvern
  4810 | D:5      | Mangled by a wyvern

Illustrated notes

Levels and vault maps discovered:
D:1:      reono_arrival_forest_river, layout_basic, serial_bayou,
          serial_bayou_pond_c, serial_bayou_pond_a, serial_bayou_lagoon_a,
          serial_bayou_pond_d, serial_bayou_pond_e, serial_bayou_crossing
D:2:      layout_basic, serial_shops, nicolae_shop_hallway_stairs,
          minmay_pentomino_u4
D:3:      layout_basic, cheibrodos_worm_habitat, zin_academy
D:4:      layout_loops_ring, lemuel_tele_altar, nicolae_ru_sacrificial_ziggurat,
          kennysheep_generic_room_10, uniq_edmund, uniq_blork_the_orc,
          uniq_grinder, uniq_ijyb
D:5:      layout_basic

Skill      XL: |  1  2  3  4  5  6  7 |
---------------+----------------------+-----
Staves         | 1 |  1.1
Summonings     | 5 6 7 |  7.0
Polearms       | 2 3 |  3.9
Spellcasting   | 3 4 |  4.1
Dodging        | |  2.8
Stealth        | |  2.2

Action                     |  1- 3 |  4- 6 |  7- 9 || total
---------------------------+-------+-------+-------++-------
  Melee: Unarmed           |     7 |       |       ||     7
         Lajatang          |    10 |     1 |       ||    11
         Trident           |       |    16 |       ||    16
         Glaive            |       |    14 |    17 ||    31
   Cast: Summon Small Mamm |    17 |     2 |       ||    19
         Call Imp          |    15 |    12 |     4 ||    31
         Call Canine Famil |     7 |    19 |     6 ||    32
    Use: Scroll            |       |     6 |     1 ||     7
         Potion            |       |       |     2 ||     2
   Stab: Sleeping          |     1 |     2 |     1 ||     4
         Distracted        |       |       |     1 ||     1
 Armour: Robe              |    25 |     7 |     1 ||    33
  Dodge: Dodged            |    65 |    33 |    17 ||   115

Table legend: (Time is in decaauts)
 A = Elapsed time spent in this place.
 B = Non-inter-level travel time spent in this place.
 C = Inter-level travel time spent in this place.
 D = Time resting spent in this place.
 E = Time spent auto-exploring this place.
 F = Levels seen in this place.
 G = Mean time per level.
                   A        B        C        D        E       F      G
               +--------+--------+--------+--------+--------+-----+--------+
         Total |   4793 |   4699 |     94 |    398 |   3230 |   5 |  958.6 |
       Dungeon |   4793 |   4699 |     94 |    398 |   3230 |   5 |  958.6 |
               +--------+--------+--------+--------+--------+-----+--------+

Top non-repeatable levels by time:
     D:4: 1593 daAuts
     D:1: 1159 daAuts
     D:3: 993 daAuts
     D:2: 658 daAuts
     D:5: 388 daAuts
